 Dungeon Crawl Stone Soup version 0.29-a0-330-g52719c12eb (webtiles) character file.

Game seed: 11968222893380451100

998 Argons the Cleaver (level 8, -1/56 HPs)
             Began as a Formicid Hunter on Apr 23, 2022.
             Was an Initiate of Gozag.
             Slain by Duvessa
             ... wielding a +0 short sword
              (11 damage)
             ... on level 4 of the Dungeon.
             The game lasted 00:36:07 (5916 turns).

Argons the Cleaver (Formicid Hunter)                Turns: 5916, Time: 00:36:08

Health: -1/56      AC:  3    Str: 18    XL:     8   Next: 43%
Magic:  0/8        EV: 12    Int: 15    God:    Gozag
Gold:   134        SH:  0    Dex: 14    Spells: 7/7 levels left

rFire   . . .      SeeInvis +   f - +3 hand axe (vorpal)
rCold   . . .      Faith    .   (no shield)
rNeg    . . .      Spirit   +   b - +0 leather armour
rPois   .          Reflect  .   (helmet unavailable)
rElec   .          Harm     .   (no cloak)
rCorr   .          Rampage  .   (no gloves)
Will    +....                   (no boots)
Stlth   +++.......              l - amulet of guardian spirit
HPRegen 0.18/turn               e - +6 ring of intelligence
MPRegen 0.11/turn               m - ring of willpower

@: invisible
A: permanent stasis, dig shafts and tunnels, antennae 3, four strong arms
a: Dig, Shaft Self, Renounce Religion, Potion Petition, Call Merchant, Bribe
Branch


You were on level 4 of the Dungeon.
You worshipped Gozag.
Gozag was aware of your devotion.
You visited 1 branch of the dungeon, and saw 6 of its levels.

You collected 208 gold pieces.
You paid 74 gold pieces to Gozag.

Inventory:

Hand Weapons
 a - a +1 hunting sling
 f - a +3 vorpal hand axe (weapon)
Missiles
 d - 3 javelins (quivered)
 k - 3 poisoned darts
 t - 5 boomerangs
Armour
 b - a +0 leather armour (worn)
Jewellery
 e - a +6 ring of intelligence (left hand)
 l - an amulet of guardian spirit (around neck)
 m - a ring of willpower (right hand)
 p - an amulet of reflection
 u - an amulet of regeneration
Wands
 n - a wand of acid (5)
 r - a wand of flame (14)
Scrolls
 c - 3 scrolls of immolation
 h - a scroll of holy word {unknown}
 i - a scroll of noise {unknown}
 s - a scroll of blinking {unknown}
Potions
 g - 2 potions of curing
 j - a potion of heal wounds
 o - 4 potions of brilliance


   Skills:
 - Level 2.1 Fighting
 + Level 8.0 Axes
 - Level 5.1 Slings
 - Level 1.7 Dodging
 - Level 5.0 Stealth


You had 7 spell levels left.
You didn't know any spells.
Your spell library contained the following spells:

 Spells                   Type           Power      Damage    Failure   Level
 Sublimation of Blood     Necr           0%         N/A       43%         2
 Wereblood                Tmut           0%         N/A       43%         2
 Summon Hydra             Summ           0%         N/A       100%        7


Dungeon Overview and Level Annotations

Branches:
Dungeon (6/15)
 Temple: D:4-7

Altars:
Gozag

Annotations:
D:4 Duvessa
D:6 Edmund


Innate Abilities, Weirdness & Mutations

You cannot be hasted, slowed, berserked, paralysed or teleported.
You can dig through walls and to a lower floor.
You have a pair of large antennae on your head. (SInv)
Your four strong arms can wield two-handed weapons with a shield.


Message History

There is a stone staircase leading up, spattered with blood here.
You hear a shout! x2
There is a stone staircase leading up, spattered with blood here.
Fire: a) +1 hunting sling
Press: ? - help, Q - select action, (/) - cycle Shift-Dir - straight line, f - adder
Aim: an adder (42% to hit)
You shoot a sling bullet. The sling bullet misses the adder.
Fire: a) +1 hunting sling
Press: ? - help, Q - select action, (/) - cycle Shift-Dir - straight line, f/p - adder
Aim: an adder (42% to hit)
You shoot a sling bullet. The sling bullet hits the adder!
The adder is severely wounded.
You hear a shout! x2
f - a +3 vorpal hand axe (weapon)
The adder bites you.
You hit the adder.
The adder is almost dead.
The adder misses you.
You slash the adder!
You kill the adder!
Your Axes skill increases to level 8!
Aiming: Corrosive Bolt
Press: ? - help, Shift-Dir - straight line, f - Duvessa
Aim: Duvessa, wielding a +0 short sword and wearing a +1 ring mail of willpower (berserk, 79% to hit)
The bolt of acid hits Duvessa but does no damage.
Duvessa barely misses you.
You climb upwards.
There is a stone staircase leading down here.
You closely miss Duvessa. Duvessa misses you. Duvessa closely misses you.
You hit Duvessa but do no damage. Duvessa hits you with a +0 short sword!
You barely miss Duvessa. Duvessa hits you with a +0 short sword!
You fade into invisibility!
Duvessa hits you with a +0 short sword!!
* * * LOW HITPOINT WARNING * * *
Duvessa barely misses you.
Duvessa rages.
Duvessa misses you. Duvessa hits you with a +0 short sword!
You die...
Your body crumbles into a pile of gold.

#.........#
#.........#
#.........#
#.........#
##########...>.....#
..................##
##########.........#
#......e..#
#......@..#
####..)......#
##........[...#
###..###.......##
##...## ##.....##
###..### ####.##
#...## #.## ..###
#..# .### ##)#


You could see Duvessa (berserk, can't see you).

Vanquished Creatures
  An ice beast (D:4)
  2 ogres
  Dowan (D:5)
  A jelly (D:5)
  3 hounds (D:4)
  4 orc priests
  Jessica (D:2)
  Terence (D:3)
  Natasha (thrice) (D:2)
  An iguana (D:4)
  3 orc wizards
  Robin (D:4)
  9 adders
  A shadow imp (D:3)
  3 worms (D:2)
  3 dart slugs
  23 orcs
  4 bats
  10 endoplasms
  A giant cockroach (D:2)
  12 goblins
  8 hobgoblins
  8 jackals
  5 kobolds
  7 quokkas
  3 ball pythons
  4 frilled lizards
  6 rats (D:1)
129 creatures vanquished.

Vanquished Creatures (others)
  10 plants (D:5)
10 creatures vanquished.

Grand Total: 139 creatures vanquished

Notes
Turn   | Place    | Note
-------+----------+-------------------------------------------
     0 | D:1      | Argons the Formicid Hunter began the quest for the Orb.
     0 | D:1      | Reached XP level 1. HP: 16/16 MP: 1/1
    79 | D:1      | Reached XP level 2. HP: 22/22 MP: 2/2
   293 | D:1      | Found a faded altar of an unknown god.
   300 | D:1      | Reached XP level 3. HP: 27/27 MP: 3/3
   836 | D:2      | Noticed Natasha
   847 | D:2      | Killed Natasha
   848 | D:2      | Reached skill level 1 in Axes
   848 | D:2      | Reached skill level 5 in Slings
   848 | D:2      | Reached XP level 4. HP: 26/33 MP: 4/4
  1452 | D:2      | Noticed Natasha
  1459 | D:2      | Killed Natasha
  1460 | D:2      | Reached skill level 2 in Axes
  1460 | D:2      | Reached XP level 5. HP: 30/38 MP: 3/5
  1625 | D:2      | Noticed Natasha
  1787 | D:2      | Noticed Jessica
  1803 | D:2      | Killed Jessica
  1901 | D:2      | Killed Natasha
  2026 | D:2      | Reached XP level 6. HP: 44/44 MP: 6/6
  2183 | D:3      | Reached skill level 3 in Axes
  2264 | D:3      | Noticed an ogre
  2419 | D:3      | Reached skill level 5 in Stealth
  2480 | D:3      | Noticed Terence
  2500 | D:3      | Killed Terence
  2942 | D:3      | Reached skill level 4 in Axes
  3305 | D:3      | Killed an ogre
  3306 | D:3      | Reached XP level 7. HP: 50/50 MP: 7/7
  3397 | D:4      | Reached skill level 5 in Axes
  3489 | D:4      | Noticed Robin
  3503 | D:4      | Killed Robin
  3828 | D:4      | Reached skill level 6 in Axes
  4146 | D:4      | Reached XP level 8. HP: 38/56 MP: 8/8
  4419 | D:4      | Reached skill level 7 in Axes
  4663 | D:5      | Entered Level 5 of the Dungeon
  4705 | D:5      | Noticed Dowan
  4705 | D:5      | Noticed Duvessa
  4876 | D:5      | Found an opulent altar of Gozag.
  5061 | D:5      | Became a worshipper of Gozag Ym Sagoz the Greedy
  5361 | D:6      | Noticed Edmund
  5743 | D:5      | Killed Dowan
  5906 | D:5      | Reached skill level 8 in Axes
  5916 | D:4      | Slain by Duvessa

Illustrated notes

Levels and vault maps discovered:
D:1:      lightli_arrival_windingriver, layout_loops_ring,
          shapermc_ecumenical_altar_starsandcircs
D:2:      layout_basic, uniq_natasha, uniq_jessica
D:3:      layout_loops_ring, uniq_terence
D:4:      layout_rooms, solitary_fountain, uniq_robin
D:5:      kennysheep_kobold_camp, layout_loops_ring, grunt_gozag_breadcrumbs,
          minmay_temple_entry_antechambers, serial_shops, shop, uniq_duvessa
D:6:      layout_loops_ring, uniq_edmund, uniq_menkaure

Skill      XL: |  1  2  3  4  5  6  7  8 |
---------------+-------------------------+-----
Stealth        | 2 3 4 5 |  5.0
Axes           | 1 2 4 6 8 |  8.0
Slings         | 5 |  5.1
Fighting       | |  2.1
Dodging        | |  1.7

Action                   |  1- 3 |  4- 6 |  7- 9 || total
-------------------------+-------+-------+-------++-------
Melee: Hand axe          |    11 |    66 |   125 ||   202
 Fire: Hunting sling     |    68 |   118 |    75 ||   261
Throw: Dart              |       |     3 |     4 ||     7
Evoke: Wand              |       |       |     4 ||     4
  Use: Scroll            |     4 |     2 |     1 ||     7
       Potion            |       |       |     1 ||     1
 Stab: Distracted        |       |     1 |     1 ||     2
Armor: Leather armour    |     6 |     8 |    12 ||    26
Dodge: Dodged            |    12 |    33 |    53 ||    98

Table legend: (Time is in decaauts)
 A = Elapsed time spent in this place.
 B = Non-inter-level travel time spent in this place.
 C = Inter-level travel time spent in this place.
 D = Time resting spent in this place.
 E = Time spent auto-exploring this place.
 F = Levels seen in this place.
 G = Mean time per level.
                   A        B        C        D        E       F      G
               +--------+--------+--------+--------+--------+-----+--------+
         Total |   5969 |   5571 |    398 |   1590 |    328 |   6 |  994.8 |
       Dungeon |   5969 |   5571 |    398 |   1590 |    328 |   6 |  994.8 |
               +--------+--------+--------+--------+--------+-----+--------+

Top non-repeatable levels by time:
     D:4: 1602 daAuts
     D:2: 1437 daAuts
     D:3: 1246 daAuts
     D:5: 766 daAuts
     D:1: 750 daAuts
     D:6: 165 daAuts
